 Dungeon Sprint DCSS version 0.30-a0-177-g1cb5dbfd7a (webtiles) character file.

Game seed: 8793616426561413935

237 rocky1 the Cleaver (level 6, 0/51 HPs)
             Began as a Hill Orc Fighter on Oct 3, 2022.
             Was a Follower of Okawaru.
             Slain by an orc warrior
             ... wielding a +0 battleaxe
              (14 damage)
             ... in the Dungeon (Sprint VII: "The Pits").
             The game lasted 00:03:03 (255 turns).

rocky1 the Cleaver (Hill Orc Fighter)                Turns: 255, Time: 00:03:04

Health: 0/51       AC:  6    Str: 19    XL:     6   Next: 6%
Magic:  6/6        EV:  9    Int: 10    God:    Okawaru [*.....]
Gold:   0          SH:  6    Dex: 10    Spells: 5/5 levels left

rFire   . . .      SeeInvis .    a - +0 war axe
rCold   . . .      Faith    .    c - +0 buckler
rNeg    . . .      Spirit   .    b - +0 scale mail
rPois   .          Reflect  .    (no helmet)
rElec   .          Harm     .    (no cloak)
rCorr   .          Rampage  .    (no gloves)
Will    .....      NoTele   +    (no boots)
Stlth   ..........               (no amulet)
HPRegen 0.28/turn                (no ring)
MPRegen 0.10/turn                (no ring)

@: mighty, on berserk cooldown, slowed, very slow
A: no striking features
a: Renounce Religion, Heroism


You were in the Dungeon.
You worshipped Okawaru.
Okawaru was aware of your devotion.
You visited 1 branch

Inventory:

Hand Weapons
 a - a +0 war axe (weapon)
Armour
 b - a +0 scale mail (worn)
 c - a +0 buckler (worn)
Scrolls
 j - a scroll of blinking
 l - 5 scrolls of amnesia
Potions
 e - 6 potions of curing
 f - 2 potions of heal wounds
 g - a potion of haste
 h - 4 potions of magic
 i - 2 potions of berserk rage
 k - a potion of invisibility


   Skills:
 - Level 3.6 Fighting
 + Level 11.3 Axes
 - Level 3.2 Armour
 + Level 9.9 Shields


You had 5 spell levels left.
You didn't know any spells.
Your spell library was empty.

Dungeon Overview and Level Annotations

Branches:
Dungeon (1/1)

Altars:
Ashenzari
Cheibriados
Dithmenos
Elyvilon
Fedhas
Gozag
Hepliaklqana
Kikubaaqudgha
Makhleb
Nemelex Xobeh
Okawaru
Qazlal
Ru
Sif Muna
Trog
Uskayaw
Vehumet
Wu Jian
Xom
Yredelemnul
Zin
The Shining One
Beogh
Jiyva
Lugonu


Message History

You feel sick.
You are no longer poisoned.
You hit the orc warrior.
The orc warrior is lightly wounded.
You slash the orc!
You kill the orc!
Okawaru accepts your kill.
The orc wizard gestures wildly while chanting.
The orc wizard flickers and vanishes!
Deactivating autopickup; reactivate with Ctrl-A.
The orc warrior unwields a +0 arbalest.
The orc warrior wields a +0 battleaxe.
You block the orc warrior's attack.
You closely miss the orc warrior.
The orc warrior is lightly wounded.
The orc warrior hits you with a +0 battleaxe!
* * * LOW HITPOINT WARNING * * *
The orc warrior closely misses you.
Unknown command.
You slash the orc warrior!
The orc warrior is heavily wounded.
The orc warrior misses you.
Unknown command.
You closely miss the orc warrior.
The orc warrior is heavily wounded.
The orc warrior hits you with a +0 battleaxe!
* * * LOW HITPOINT WARNING * * *
Unknown command.
You feel much better.
The orc warrior hits you with a +0 battleaxe.
The orc warrior barely misses you.
Unknown command.
You hit the orc warrior.
The orc warrior is severely wounded.
The orc warrior hits you with a +0 battleaxe.
* * * LOW HITPOINT WARNING * * *
Unknown command.
You closely miss the orc warrior.
The orc warrior is severely wounded.
The orc warrior hits you with a +0 battleaxe!
You die...

#.#))#####'#####'###
#.#))#.....##.......
#.#))#.....##.......
#.#[[###'####.......
#.##'#..)..##...<...
#.#........##.......
#.#........##.......
#)###########.......
#))@o{..# ########
#)###o..# #.# ..#
#.# .# #o. # #.. #..
####


You could see an orc warrior and an orc.

Vanquished Creatures
  Sigmund (D)
  A bullfrog (D)
  An orc priest (D)
  A gnoll bouda (D)
  3 gnolls (D)
  An adder (D)
  2 ufetubi (D)
  5 orcs (D)
  A goblin (D)
  3 jackals (D)
  A kobold (D)
  A bat (D)
  3 frilled lizards (D)
24 creatures vanquished.

Notes
Turn   | Place    | Note
-------+----------+-------------------------------------------
     0 | D        | rocky1 the Hill Orc Fighter began the quest for the Orb.
     0 | D        | Reached XP level 1. HP: 19/19 MP: 1/1
    14 | D        | Reached skill level 3 in Axes
    18 | D        | Found a bloodstained altar of Trog.
    18 | D        | Found a shimmering blue altar of Sif Muna.
    18 | D        | Found a viscous altar of Jiyva.
    18 | D        | Found a hazy altar of Hepliaklqana.
    18 | D        | Found an opulent altar of Gozag.
    19 | D        | Found a glowing golden altar of the Shining One.
    19 | D        | Found a glowing silver altar of Zin.
    19 | D        | Found a basalt altar of Yredelemnul.
    19 | D        | Found a shimmering altar of Xom.
    19 | D        | Found an ornate altar of the Wu Jian Council.
    19 | D        | Found a sacrificial altar of Ru.
    19 | D        | Found a stormy altar of Qazlal.
    19 | D        | Found an iron altar of Okawaru.
    19 | D        | Found a sparkling altar of Nemelex Xobeh.
    19 | D        | Found a burning altar of Makhleb.
    19 | D        | Found a blossoming altar of Fedhas.
    19 | D        | Found a white marble altar of Elyvilon.
    19 | D        | Found a shadowy altar of Dithmenos.
    19 | D        | Found a snail-covered altar of Cheibriados.
    35 | D        | Found a corrupted altar of Lugonu.
    35 | D        | Found a radiant altar of Vehumet.
    35 | D        | Found a roughly hewn altar of Beogh.
    36 | D        | Found an ancient bone altar of Kikubaaqudgha.
    36 | D        | Found a hide-covered altar of Uskayaw.
    36 | D        | Found a broken altar of Ashenzari.
    40 | D        | Became a worshipper of Warmaster Okawaru
    98 | D        | Reached skill level 4 in Axes
   100 | D        | Reached XP level 2. HP: 20/26 MP: 2/2
   128 | D        | Reached skill level 5 in Axes
   129 | D        | Reached skill level 5 in Shields
   215 | D        | Noticed a bullfrog
   222 | D        | Reached skill level 6 in Axes
   222 | D        | Reached XP level 3. HP: 31/31 MP: 3/3
   224 | D        | Noticed Sigmund
   228 | D        | Reached skill level 7 in Axes
   229 | D        | Killed a bullfrog
   229 | D        | Reached * piety under Okawaru
   230 | D        | Reached skill level 9 in Axes
   230 | D        | Reached XP level 4. HP: 26/39 MP: 4/4
   230 | D        | Reached XP level 5. HP: 30/45 MP: 5/5
   235 | D        | Noticed an orc warrior
   237 | D        | Killed Sigmund
   238 | D        | Reached skill level 10 in Axes
   247 | D        | Reached skill level 11 in Axes
   247 | D        | Reached XP level 6. HP: 16/51 MP: 6/6
   255 | D        | Slain by an orc warrior

Illustrated notes

Levels and vault maps discovered:
D:        pitsprint [storerooms_1, entrance_room_1, metal_vault_3, armoury_2,
          mini_pit_1, grid_room_1, main_hall_1, silver_pit, the_coven_2,
          the_vestibule_1, steel_vault_5, golden_pit, hallway_of_sentries,
          crystal_vault_2, iron_vault_1, final_vault]

Skill      XL: |  1  2  3  4  5 |
---------------+----------------+-----
Axes           | 4 6 9 11 | 11.3
Shields        | 4 5 8 9 |  9.9
Fighting       | |  3.6
Armour         | |  3.2

Action                   |  1- 3 |  4- 6 || total
-------------------------+-------+-------++-------
Melee: War axe           |    32 |    19 ||    51
  Use: Potion            |     2 |     5 ||     7
 Stab: Invisible         |     2 |     4 ||     6
Armor: Scale mail        |    23 |     4 ||    27
Dodge: Dodged            |    27 |    20 ||    47
Block: Buckler           |    13 |     9 ||    22

Table legend: (Time is in decaauts)
 A = Elapsed time spent in this place.
 B = Non-inter-level travel time spent in this place.
 C = Inter-level travel time spent in this place.
 D = Time resting spent in this place.
 E = Time spent auto-exploring this place.
 F = Levels seen in this place.
 G = Mean time per level.
                   A        B        C        D        E       F      G
               +--------+--------+--------+--------+--------+-----+--------+
         Total |    268 |    248 |     20 |     49 |      0 |   1 |  268.0 |
       Dungeon |    268 |    248 |     20 |     49 |      0 |   1 |  268.0 |
               +--------+--------+--------+--------+--------+-----+--------+

Top non-repeatable levels by time:
       D: 268 daAuts
